MapleLeafs vs Hurricanes

Created - March 18, 2015 at 20:06

Goals
1 2 3 T
MapleLeafs 0 2 1 3
Hurricanes 1 1 2 4
Shots
1 2 3 T
MapleLeafs 9 11 9 29
Hurricanes 9 9 10 28

1st period

1. Hurricanes , Nick Foligno 18 (Michael Frolik) at 2:48 (PP)

Penalties :
Alexei Emelin (TOR) for Interference (Minor) at 0:51, Antoine Roussel (TOR) for Boarding (Minor) at 4:59, Evander Kane (TOR) for Hooking (Minor) at 19:20

2nd period

2. MapleLeafs , Evander Kane 21 (Alexei Emelin) at 2:13
3. Hurricanes , Dustin Byfuglien 15 (Michal Handzus, Michael Frolik) at 5:22 (SH)
4. MapleLeafs , Antoine Roussel 2 (Brock Nelson) at 12:11

Penalties :
Raphael Diaz (CAR) for Interference (Minor) at 3:36, Nick Foligno (CAR) for Hooking (Minor) at 6:26

3rd period

5. Hurricanes , Blake Wheeler 36 (Brandon McMillan, James Wisniewski) at 2:35
6. MapleLeafs , Eric Gelinas 5 (Alexei Emelin, Devante Smith-Pelly) at 3:52 (PP)
7. Hurricanes , Sheldon Brookbank 1 (Blake Wheeler, Ben Lovejoy) at 12:51 (PP)

Penalties :
Dustin Byfuglien (CAR) for Boarding (Double Minor) at 3:06, Sergei Bobrovsky (CAR) for Slashing (Minor) at 3:22 - Brooks Orpik served the penalty., Jay Beagle (TOR) for Hooking (Minor) at 6:52, Nick Holden (TOR) for High sticking (Minor) at 10:06, Jay Beagle (TOR) for Hooking (Minor) at 12:17, Alexei Emelin (TOR) for Roughing (Minor) at 15:30, Patrick Maroon (CAR) for Roughing (Minor) at 18:30

Goalie Stats

Petr Mrazek (TOR), 24 saves from 28 shots - (0.857), L, 11-11-1, 59:00 minutes
Sergei Bobrovsky (CAR), 26 saves from 29 shots - (0.897), W, 24-22-5, 60:00 minutes

Players Stats for MapleLeafs

Player Name              G  A  P  +/- PIM S  H  SB GA TA FO     MP     PP MP  PK MP  
------------------------------------------------------------------------------------
Alexei Emelin            0  2  2   1  4   3  3  4  0  0  0/0    18:31   3:23   3:31 
Antoine Roussel          1  0  1   1  2   6  7  0  0  0  0/1    16:35   3:55   0:07 
Antoine Vermette         0  0  0   0  0   4  1  0  0  0  28/43  26:31   3:16   8:15 
Brandon Gormley          0  0  0   0  0   0  0  0  0  0  0/0     3:23   0:00   1:02 
Brock Nelson             0  1  1   1  0   0  0  0  0  0  9/23   20:25   3:55   3:56 
Chuck Kobasew            0  0  0   0  0   0  0  0  0  0  0/0     3:04   0:00   0:00 
Daniel Briere            0  0  0  -1  0   0  0  0  0  0  8/14   13:01   1:01   0:12 
Devante Smith-Pelly      0  1  1   1  0   0  0  0  0  0  0/0    16:29   3:55   0:00 
Eric Gelinas             1  0  1   1  0   3  0  0  0  0  0/0    20:25   3:23   5:23 
Evander Kane             1  0  1  -1  2   5  7  0  0  0  1/1    22:41   4:17   6:29 
Gregory Campbell         0  0  0   0  0   1  3  0  0  0  1/1    11:48   0:00   0:00 
Jamie Oleksiak           0  0  0   0  0   1  1  0  0  0  0/0    14:03   0:00   1:57 
Jay Beagle               0  0  0   0  4   2  3  0  0  0  1/1    13:46   0:00   2:00 
Jay Bouwmeester          0  0  0  -1  0   2  1  2  0  0  0/0    27:29   4:49   7:03 
Linden Vey               0  0  0   0  0   0  0  0  0  0  0/1     3:04   0:00   0:00 
Michael Del Zotto        0  0  0   0  0   0  2  0  0  0  0/0    12:06   0:00   0:00 
Nick Holden              0  0  0  -1  2   1  4  0  0  0  0/0    24:00   4:49   5:56 
Vladimir Tarasenko       0  0  0  -1  0   1  0  0  0  0  2/5    20:06   4:17   3:53 

Players Stats for Hurricanes

Player Name              G  A  P  +/- PIM S  H  SB GA TA FO     MP     PP MP  PK MP  
------------------------------------------------------------------------------------
Alex Chiasson            0  0  0  -1  0   1  0  0  0  0  0/0     9:43   0:00   0:00 
Alexander Killorn        0  0  0   0  0   1  0  0  0  0  9/22   19:14   6:44   1:16 
Ben Lovejoy              0  1  1   0  0   0  0  3  0  0  0/0    22:11   6:06   3:28 
Blake Wheeler            1  1  2   1  0   4  2  1  0  0  11/14  24:10   6:44   2:39 
Brad Richardson          0  0  0  -1  0   1  0  0  0  0  5/11    9:43   0:00   0:00 
Brandon McMillan         0  1  1   1  0   0  1  0  0  0  0/1     6:57   0:00   1:09 
Brian Boyle              0  0  0   0  0   0  0  0  0  0  1/1     1:20   0:00   0:00 
Brooks Orpik             0  0  0   0  0   1  1  0  0  0  0/0    14:33   0:00   3:19 
Dustin Byfuglien         1  0  1   1  4   4  3  1  0  0  0/0    19:42   6:20   0:46 
James Wisniewski         0  1  1  -1  0   2  1  2  0  0  0/0    25:10   6:06   4:56 
Keith Yandle             0  0  0   0  0   2  3  2  0  0  0/0    23:16   6:20   1:25 
Michael Frolik           0  2  2   0  0   4  0  0  0  0  1/1    21:28   5:42   2:43 
Michal Handzus           0  1  1   0  0   0  0  0  0  0  11/34  23:02   5:42   4:17 
Nick Foligno             1  0  1  -1  2   2  3  0  0  0  2/2    21:08   5:42   2:21 
Patrick Maroon           0  0  0  -1  2   2  5  0  0  0  0/0     9:42   0:00   0:00 
Raphael Diaz             0  0  0   0  2   2  2  1  0  0  0/0    15:06   0:00   2:30 
Shawn Matthias           0  0  0   1  0   0  1  0  0  0  0/0     5:48   0:00   0:00 
Sheldon Brookbank        1  0  1   0  0   2  1  0  0  0  0/4    17:32   6:44   0:00 

3 Stars

1 - Blake Wheeler (CAR)
2 - Antoine Roussel (TOR)
3 - Eric Gelinas (TOR)

Power Play

MapleLeafs - 1 on 6 Attempt(s) - 16.67%
Hurricanes - 2 on 7 Attempt(s) - 28.57%

Penalty Kill

MapleLeafs - 5 on 7 Attempt(s) - 71.43% - Score 0 goal in Penalty Kill
Hurricanes - 5 on 6 Attempt(s) - 83.33% - Score 1 goal in Penalty Kill

Team Stat

MapleLeafs - Hits : 32 - Faceoff Wins : 50 - Blocked Shots : 6 - Penalty Minutes : 14
Hurricanes - Hits : 23 - Faceoff Wins : 40 - Blocked Shots : 10 - Penalty Minutes : 10

Official

Referees : Greg Kimmerly and Brad Watson
Linesman : Lonnie Cameron and Bryan Pancich

Game Notes

Brian Boyle is injured at 15:24 of 1st period (Sprained Right Finger)

Finance

Level 1 -- Attendance: 6000 (100.00%) -- Ticket Income $600,000
Level 2 -- Attendance: 4860 (97.20%) -- Ticket Income $315,900
Level 3 -- Attendance: 3326 (95.03%) -- Ticket Income $149,670
Level 4 -- Attendance: 2785 (86.22%) -- Ticket Income $75,195
Luxury Box -- Attendance: 1000 (100.00%) -- Ticket Income $200,000
Game was played at the PNC Arena'
Total Attendance: 17971 (95.95%)
Total Ticket Income: $1,340,765
Other Income: $201,115
Total Income: $1,541,880

% Time on Ice - MapleLeafs

Lines # - Real PCT - Wanted PCT - Time Play
Normal Forward
1 - 30% - 40% - 11:56
2 - 32% - 30% - 12:34
3 - 30% - 20% - 11:48
4 - 8% - 10% - 3:04
Normal Defense
1 - 34% - 40% - 13:16
2 - 30% - 30% - 11:39
3 - 31% - 20% - 12:06
4 - 6% - 10% - 2:21
PP Forward
1 - 52% - 60% - 4:17
2 - 48% - 40% - 3:55
PP Defense
1 - 59% - 60% - 4:49
2 - 41% - 40% - 3:23
PK Forward
1 - 68% - 60% - 8:30
2 - 32% - 40% - 3:56
PK Defense
1 - 57% - 60% - 7:03
2 - 43% - 40% - 5:23
PK3 Forward
1 - 0% - 60%
2 - 0% - 40%
PK3 Defense
1 - 0% - 60%
2 - 0% - 40%
44 Forward
1 - 0% - 60%
2 - 0% - 40%
44 Defense
1 - 0% - 60%
2 - 0% - 40%
Last Minute Offensive  - 0:00
Last Minute Defensive  - 0:00
Total
Forward - 60:00
Defense - 60:00

% Time on Ice - Hurricanes

Lines # - Real PCT - Wanted PCT - Time Play
Normal Forward
1 - 27% - 38% - 10:48
2 - 33% - 35% - 13:03
3 - 25% - 17% - 9:43
4 - 15% - 10% - 5:48
Normal Defense
1 - 32% - 32% - 12:37
2 - 29% - 31% - 11:14
3 - 32% - 24% - 12:37
4 - 7% - 13% - 2:54
PP Forward
1 - 54% - 57% - 6:44
2 - 46% - 43% - 5:42
PP Defense
1 - 49% - 50% - 6:06
2 - 51% - 50% - 6:20
PK Forward
1 - 56% - 50% - 3:30
2 - 44% - 50% - 2:43
PK Defense
1 - 47% - 50% - 2:54
2 - 53% - 50% - 3:19
PK3 Forward
1 - 79% - 60% - 1:34
2 - 21% - 40% - 0:25
PK3 Defense
1 - 71% - 60% - 1:25
2 - 29% - 40% - 0:34
44 Forward
1 - 0% - 50%
2 - 0% - 50%
44 Defense
1 - 0% - 50%
2 - 0% - 50%
Last Minute Offensive  - 0:00
Last Minute Defensive  - 0:00
Total
Forward - 60:00
Defense - 60:00

Play by Play

1st period


0:01 of 1st period - Alexander Killorn wins face-off versus Antoine Vermette in neutral zone.
0:11 of 1st period - Shot by Vladimir Tarasenko.
0:11 of 1st period - Shot Blocked by Ben Lovejoy.
0:25 of 1st period - Shot by Antoine Vermette.
0:25 of 1st period - Stopped by Sergei Bobrovsky without a rebound.
0:26 of 1st period - Nick Foligno wins face-off versus Brock Nelson in Hurricanes zone.
0:51 of 1st period - Minor Penalty to Alexei Emelin for Interference.
0:52 of 1st period - Antoine Vermette wins face-off versus Blake Wheeler in MapleLeafs zone.
1:18 of 1st period - Shot by Dustin Byfuglien.
1:18 of 1st period - Stopped by Petr Mrazek without a rebound.
1:19 of 1st period - Michal Handzus wins face-off versus Antoine Vermette in MapleLeafs zone.
1:30 of 1st period - Shot by Michael Frolik.
1:30 of 1st period - Stopped by Petr Mrazek without a rebound.
1:31 of 1st period - Nick Foligno wins face-off versus Antoine Vermette in MapleLeafs zone.
1:40 of 1st period - Shot by James Wisniewski.
1:40 of 1st period - Stopped by Petr Mrazek without a rebound.
1:41 of 1st period - Alexander Killorn wins face-off versus Vladimir Tarasenko in MapleLeafs zone.
1:44 of 1st period - Shot by Dustin Byfuglien.
1:44 of 1st period - Stopped by Petr Mrazek without a rebound.
1:45 of 1st period - Alexander Killorn wins face-off versus Antoine Vermette in MapleLeafs zone.
1:50 of 1st period - Shot by Alexander Killorn.
1:50 of 1st period - Shot Misses the Net.
2:48 of 1st period - Shot by Nick Foligno.
2:48 of 1st period - Goal by Nick Foligno - MapleLeafs : 0 - Hurricanes : 1.
2:49 of 1st period - Brad Richardson wins face-off versus Daniel Briere in neutral zone.
3:39 of 1st period - Icing by Raphael Diaz.
3:40 of 1st period - Antoine Vermette wins face-off versus Brad Richardson in Hurricanes zone.
3:45 of 1st period - Shot by Vladimir Tarasenko.
3:45 of 1st period - Shot Misses the Net.
4:33 of 1st period - Shot by Sheldon Brookbank.
4:33 of 1st period - Shot Misses the Net.
4:37 of 1st period - Shot by Blake Wheeler.
4:37 of 1st period - Shot Misses the Net.
4:46 of 1st period - Icing by Alexei Emelin.
4:47 of 1st period - Antoine Vermette wins face-off versus Michal Handzus in MapleLeafs zone.
4:59 of 1st period - Minor Penalty to Antoine Roussel for Boarding.
5:00 of 1st period - Jay Beagle wins face-off versus Michal Handzus in MapleLeafs zone.
5:00 of 1st period - Jay Beagle is hit by Nick Foligno.
5:07 of 1st period - Icing by Michael Frolik.
5:08 of 1st period - Michal Handzus wins face-off versus Antoine Vermette in Hurricanes zone.
5:08 of 1st period - Michal Handzus is hit by Evander Kane.
5:26 of 1st period - Shot by Keith Yandle.
5:26 of 1st period - Stopped by Petr Mrazek without a rebound.
5:27 of 1st period - Vladimir Tarasenko wins face-off versus Alexander Killorn in MapleLeafs zone.
5:51 of 1st period - Icing by Ben Lovejoy.
5:52 of 1st period - Antoine Vermette wins face-off versus Sheldon Brookbank in Hurricanes zone.
6:01 of 1st period - Shot by Antoine Vermette.
6:01 of 1st period - Stopped by Sergei Bobrovsky without a rebound.
6:02 of 1st period - Antoine Vermette wins face-off versus Michal Handzus in Hurricanes zone.
7:03 of 1st period - Off-side.
7:04 of 1st period - Daniel Briere wins face-off versus Alexander Killorn in neutral zone.
7:38 of 1st period - Brooks Orpik is hit by Gregory Campbell and loses puck.
8:17 of 1st period - Icing by Michael Del Zotto.
8:18 of 1st period - Antoine Vermette wins face-off versus Michal Handzus in MapleLeafs zone.
8:32 of 1st period - Shot by Antoine Vermette.
8:32 of 1st period - Shot Misses the Net.
8:34 of 1st period - Shot by Antoine Vermette.
8:34 of 1st period - Deflect By Linden Vey.
8:34 of 1st period - Shot Blocked by Ben Lovejoy.
8:36 of 1st period - Shot by Antoine Vermette.
8:36 of 1st period - Shot Misses the Net.
8:42 of 1st period - Shot by Antoine Vermette.
8:42 of 1st period - Shot Blocked by Ben Lovejoy.
8:53 of 1st period - Icing by Dustin Byfuglien.
8:54 of 1st period - Michal Handzus wins face-off versus Brock Nelson in Hurricanes zone.
8:58 of 1st period - Dustin Byfuglien is hit by Nick Holden and loses puck.
9:08 of 1st period - Dustin Byfuglien is hit by Nick Holden and loses puck.
10:09 of 1st period - Shot by Eric Gelinas.
10:09 of 1st period - Stopped by Sergei Bobrovsky with a rebound.
10:50 of 1st period - Off-side.
10:51 of 1st period - Daniel Briere wins face-off versus Brad Richardson in neutral zone.
11:20 of 1st period - James Wisniewski is hit by Jay Beagle and loses puck.
11:34 of 1st period - Icing by Jamie Oleksiak.
11:35 of 1st period - Alexander Killorn wins face-off versus Daniel Briere in MapleLeafs zone.
11:38 of 1st period - Shot by Blake Wheeler.
11:38 of 1st period - Shot Misses the Net.
11:51 of 1st period - Alexander Killorn is hit by Michael Del Zotto and loses puck.
12:27 of 1st period - Michael Del Zotto is hit by Nick Foligno and loses puck.
13:01 of 1st period - Icing by Jay Bouwmeester.
13:02 of 1st period - Antoine Vermette wins face-off versus Brandon McMillan in MapleLeafs zone.
13:15 of 1st period - Shot by Antoine Vermette.
13:15 of 1st period - Shot Misses the Net.
13:26 of 1st period - Icing by Antoine Vermette.
13:27 of 1st period - Brad Richardson wins face-off versus Antoine Vermette in MapleLeafs zone.
13:47 of 1st period - Keith Yandle is hit by Evander Kane and loses puck.
13:54 of 1st period - Nick Holden is hit by Patrick Maroon and loses puck.
13:59 of 1st period - Shot by Raphael Diaz.
13:59 of 1st period - Stopped by Petr Mrazek without a rebound.
14:00 of 1st period - Michal Handzus wins face-off versus Brock Nelson in MapleLeafs zone.
14:23 of 1st period - Shot by Nick Foligno.
14:23 of 1st period - Shot Misses the Net.
14:54 of 1st period - Eric Gelinas is hit by James Wisniewski and loses puck.
15:22 of 1st period - Shot by Antoine Vermette.
15:22 of 1st period - Stopped by Sergei Bobrovsky without a rebound.
15:23 of 1st period - Brian Boyle wins face-off versus Daniel Briere in Hurricanes zone.
15:23 of 1st period - Brian Boyle is hit by Gregory Campbell.
15:24 of 1st period - Brian Boyle from Hurricanes is injured at 15:24 of 1st period (Sprained Right Finger).
15:25 of 1st period - Daniel Briere wins face-off versus Brad Richardson in Hurricanes zone.
15:47 of 1st period - Shot by Jamie Oleksiak.
15:47 of 1st period - Shot Blocked by Raphael Diaz.
15:51 of 1st period - Shot by Jay Beagle.
15:51 of 1st period - Stopped by Sergei Bobrovsky with a rebound.
15:53 of 1st period - Shot by Jay Beagle.
15:53 of 1st period - Stopped by Sergei Bobrovsky without a rebound.
15:54 of 1st period - Michal Handzus wins face-off versus Vladimir Tarasenko in Hurricanes zone.
15:54 of 1st period - Brooks Orpik is hit by Evander Kane and loses puck.
16:13 of 1st period - Shot by Nick Foligno.
16:13 of 1st period - Shot Misses the Net.
16:25 of 1st period - Shot by Michael Frolik.
16:25 of 1st period - Stopped by Petr Mrazek without a rebound.
16:26 of 1st period - Brock Nelson wins face-off versus Alexander Killorn in MapleLeafs zone.
16:37 of 1st period - Shot by Antoine Roussel.
16:37 of 1st period - Stopped by Sergei Bobrovsky with a rebound.
16:39 of 1st period - Shot by Alexei Emelin.
16:39 of 1st period - Shot Misses the Net.
16:41 of 1st period - Shot by Brock Nelson.
16:41 of 1st period - Deflect By Antoine Roussel.
16:41 of 1st period - Stopped by Sergei Bobrovsky without a rebound.
16:42 of 1st period - Blake Wheeler wins face-off versus Daniel Briere in Hurricanes zone.
16:42 of 1st period - Blake Wheeler is hit by Jay Beagle.
17:38 of 1st period - Shot by Evander Kane.
17:38 of 1st period - Shot Blocked by Keith Yandle.
17:44 of 1st period - Shot by Evander Kane.
17:44 of 1st period - Stopped by Sergei Bobrovsky without a rebound.
17:45 of 1st period - Michal Handzus wins face-off versus Brock Nelson in Hurricanes zone.
17:56 of 1st period - Shot by Devante Smith-Pelly.
17:56 of 1st period - Shot Blocked by Dustin Byfuglien.
18:16 of 1st period - Michael Del Zotto is hit by Dustin Byfuglien and loses puck.
19:05 of 1st period - Brad Richardson is hit by Evander Kane.
19:20 of 1st period - Minor Penalty to Evander Kane for Hooking.
19:21 of 1st period - Alexander Killorn wins face-off versus Antoine Vermette in MapleLeafs zone.
19:24 of 1st period - Shot by Blake Wheeler.
19:24 of 1st period - Shot Misses the Net.
19:26 of 1st period - Shot by James Wisniewski.
19:26 of 1st period - Deflect By Alexander Killorn.
19:26 of 1st period - Shot Blocked by Alexei Emelin.
19:28 of 1st period - Shot by James Wisniewski.
19:28 of 1st period - Shot Blocked by Alexei Emelin.
19:30 of 1st period - Shot by Alexander Killorn.
19:30 of 1st period - Stopped by Petr Mrazek without a rebound.
19:31 of 1st period - Antoine Vermette wins face-off versus Alexander Killorn in MapleLeafs zone.
19:41 of 1st period - Icing by James Wisniewski.
19:42 of 1st period - Antoine Vermette wins face-off versus Alexander Killorn in Hurricanes zone.
19:59 of 1st period - Shot by Ben Lovejoy.
19:59 of 1st period - Deflect By Blake Wheeler.
19:59 of 1st period - Shot Blocked by Alexei Emelin.
Goals for this period are 0 for MapleLeafs vs 1 for Hurricanes.
Shots for this period are 9 for MapleLeafs vs 9 for Hurricanes.

2nd period


0:01 of 2nd period - Alexander Killorn wins face-off versus Antoine Vermette in neutral zone.
0:11 of 2nd period - Icing by Blake Wheeler.
0:12 of 2nd period - Antoine Vermette wins face-off versus Sheldon Brookbank in Hurricanes zone.
0:13 of 2nd period - Shot by Nick Holden.
0:13 of 2nd period - Shot Blocked by Blake Wheeler.
0:39 of 2nd period - Shot by Blake Wheeler.
0:39 of 2nd period - Shot Misses the Net.
1:15 of 2nd period - Shot by Vladimir Tarasenko.
1:15 of 2nd period - Shot Blocked by James Wisniewski.
1:55 of 2nd period - Shot by Patrick Maroon.
1:55 of 2nd period - Stopped by Petr Mrazek with a rebound.
2:13 of 2nd period - Shot by Evander Kane.
2:13 of 2nd period - Goal by Evander Kane - MapleLeafs : 1 - Hurricanes : 1.
2:14 of 2nd period - Antoine Vermette wins face-off versus Michal Handzus in neutral zone.
2:53 of 2nd period - Dustin Byfuglien is hit by Evander Kane.
3:34 of 2nd period - Daniel Briere is hit by Raphael Diaz and loses puck.
3:36 of 2nd period - Minor Penalty to Raphael Diaz for Interference.
3:37 of 2nd period - Blake Wheeler wins face-off versus Brock Nelson in Hurricanes zone.
3:37 of 2nd period - Blake Wheeler is hit by Antoine Roussel.
5:18 of 2nd period - Shot by Michael Frolik.
5:18 of 2nd period - Shot Blocked by Alexei Emelin.
5:20 of 2nd period - Shot by Michal Handzus.
5:20 of 2nd period - Shot Misses the Net.
5:22 of 2nd period - Shot by Dustin Byfuglien.
5:22 of 2nd period - Goal by Dustin Byfuglien - MapleLeafs : 1 - Hurricanes : 2.
5:23 of 2nd period - Brock Nelson wins face-off versus Blake Wheeler in neutral zone.
5:26 of 2nd period - Shot by Nick Holden.
5:26 of 2nd period - Shot Hit the Post.
5:28 of 2nd period - Shot by Jay Bouwmeester.
5:28 of 2nd period - Shot Misses the Net.
5:30 of 2nd period - Shot by Antoine Roussel.
5:30 of 2nd period - Stopped by Sergei Bobrovsky without a rebound.
5:31 of 2nd period - Blake Wheeler wins face-off versus Brock Nelson in Hurricanes zone.
5:58 of 2nd period - Michael Del Zotto is hit by Blake Wheeler.
6:25 of 2nd period - Icing by Michael Del Zotto.
6:26 of 2nd period - Antoine Vermette wins face-off versus Michal Handzus in MapleLeafs zone.
6:26 of 2nd period - Minor Penalty to Nick Foligno for Hooking.
6:27 of 2nd period - Brock Nelson wins face-off versus Michal Handzus in Hurricanes zone.
6:30 of 2nd period - Shot by Jay Bouwmeester.
6:30 of 2nd period - Shot Misses the Net.
6:49 of 2nd period - Shot by Nick Holden.
6:49 of 2nd period - Shot Hit the Post.
7:00 of 2nd period - Icing by Antoine Roussel.
7:01 of 2nd period - Brock Nelson wins face-off versus Michal Handzus in MapleLeafs zone.
7:08 of 2nd period - Shot by Jay Bouwmeester.
7:08 of 2nd period - Stopped by Sergei Bobrovsky without a rebound.
7:09 of 2nd period - Antoine Vermette wins face-off versus Michal Handzus in Hurricanes zone.
7:10 of 2nd period - Shot by Alexei Emelin.
7:10 of 2nd period - Stopped by Sergei Bobrovsky without a rebound.
7:11 of 2nd period - Antoine Vermette wins face-off versus Michal Handzus in Hurricanes zone.
7:12 of 2nd period - Shot by Alexei Emelin.
7:12 of 2nd period - Stopped by Sergei Bobrovsky without a rebound.
7:13 of 2nd period - Antoine Vermette wins face-off versus Michal Handzus in Hurricanes zone.
7:30 of 2nd period - Shot by Jay Bouwmeester.
7:30 of 2nd period - Stopped by Sergei Bobrovsky without a rebound.
7:31 of 2nd period - Brock Nelson wins face-off versus Michal Handzus in Hurricanes zone.
7:50 of 2nd period - Shot by Alexei Emelin.
7:50 of 2nd period - Stopped by Sergei Bobrovsky without a rebound.
7:51 of 2nd period - Blake Wheeler wins face-off versus Antoine Vermette in Hurricanes zone.
8:04 of 2nd period - Shot by Nick Holden.
8:04 of 2nd period - Stopped by Sergei Bobrovsky with a rebound.
8:35 of 2nd period - Icing by Alexei Emelin.
8:36 of 2nd period - Brock Nelson wins face-off versus Michal Handzus in MapleLeafs zone.
8:41 of 2nd period - Shot by Brooks Orpik.
8:41 of 2nd period - Stopped by Petr Mrazek with a rebound.
8:43 of 2nd period - Shot by Michael Frolik.
8:43 of 2nd period - Stopped by Petr Mrazek with a rebound.
8:46 of 2nd period - Michal Handzus is hit by Alexei Emelin and loses puck.
10:01 of 2nd period - Shot by Blake Wheeler.
10:01 of 2nd period - Stopped by Petr Mrazek without a rebound.
10:02 of 2nd period - Blake Wheeler wins face-off versus Daniel Briere in MapleLeafs zone.
10:25 of 2nd period - Jay Beagle is hit by Shawn Matthias and loses puck.
10:29 of 2nd period - Icing by Gregory Campbell.
10:30 of 2nd period - Gregory Campbell wins face-off versus Brad Richardson in MapleLeafs zone.
10:30 of 2nd period - Gregory Campbell is hit by Patrick Maroon.
11:49 of 2nd period - Michael Frolik is hit by Nick Holden and loses puck.
12:06 of 2nd period - Michal Handzus is hit by Antoine Roussel and loses puck.
12:11 of 2nd period - Shot by Antoine Roussel.
12:11 of 2nd period - Goal by Antoine Roussel - MapleLeafs : 2 - Hurricanes : 2.
12:12 of 2nd period - Alexander Killorn wins face-off versus Brock Nelson in neutral zone.
12:33 of 2nd period - Shot by Blake Wheeler.
12:33 of 2nd period - Stopped by Petr Mrazek with a rebound.
12:35 of 2nd period - Shot by Raphael Diaz.
12:35 of 2nd period - Stopped by Petr Mrazek without a rebound.
12:36 of 2nd period - Blake Wheeler wins face-off versus Daniel Briere in MapleLeafs zone.
12:50 of 2nd period - Brandon McMillan is hit by Jay Beagle and loses puck.
13:27 of 2nd period - Eric Gelinas is hit by Blake Wheeler and loses puck.
13:51 of 2nd period - Shot by Brock Nelson.
13:51 of 2nd period - Shot Misses the Net.
14:30 of 2nd period - Icing by Nick Holden.
14:31 of 2nd period - Brad Richardson wins face-off versus Antoine Vermette in MapleLeafs zone.
14:50 of 2nd period - Shot by Alex Chiasson.
14:50 of 2nd period - Stopped by Petr Mrazek without a rebound.
14:51 of 2nd period - Daniel Briere wins face-off versus Alexander Killorn in MapleLeafs zone.
16:04 of 2nd period - Shot by Antoine Roussel.
16:04 of 2nd period - Stopped by Sergei Bobrovsky with a rebound.
16:11 of 2nd period - Brock Nelson is hit by Raphael Diaz and loses puck.
16:33 of 2nd period - Icing by Keith Yandle.
16:34 of 2nd period - Antoine Vermette wins face-off versus Alexander Killorn in Hurricanes zone.
16:34 of 2nd period - Antoine Vermette is hit by Keith Yandle.
16:36 of 2nd period - Shot by Evander Kane.
16:36 of 2nd period - Shot Blocked by Keith Yandle.
16:41 of 2nd period - Icing by Keith Yandle.
16:42 of 2nd period - Antoine Vermette wins face-off versus Alexander Killorn in Hurricanes zone.
18:32 of 2nd period - Brooks Orpik is hit by Nick Holden and loses puck.
18:46 of 2nd period - Icing by Antoine Roussel.
18:47 of 2nd period - Brock Nelson wins face-off versus Brad Richardson in MapleLeafs zone.
18:47 of 2nd period - Jay Bouwmeester is hit by Patrick Maroon.
19:12 of 2nd period - Ben Lovejoy is hit by Gregory Campbell and loses puck.
19:26 of 2nd period - Shot by Brad Richardson.
19:26 of 2nd period - Stopped by Petr Mrazek without a rebound.
19:27 of 2nd period - Antoine Vermette wins face-off versus Alexander Killorn in MapleLeafs zone.
19:27 of 2nd period - Alexei Emelin is hit by Brandon McMillan and loses puck.
19:52 of 2nd period - Shot by Antoine Vermette.
19:52 of 2nd period - Stopped by Sergei Bobrovsky without a rebound.
19:53 of 2nd period - Daniel Briere wins face-off versus Brad Richardson in Hurricanes zone.
Goals for this period are 2 for MapleLeafs vs 1 for Hurricanes.
Shots for this period are 11 for MapleLeafs vs 9 for Hurricanes.

3rd period


0:01 of 3rd period - Antoine Vermette wins face-off versus Alexander Killorn in neutral zone.
0:08 of 3rd period - Shot by Vladimir Tarasenko.
0:08 of 3rd period - Stopped by Sergei Bobrovsky with a rebound.
1:05 of 3rd period - Keith Yandle is hit by Alexei Emelin and loses puck.
1:18 of 3rd period - Shot by Michael Frolik.
1:18 of 3rd period - Stopped by Petr Mrazek without a rebound.
1:19 of 3rd period - Daniel Briere wins face-off versus Michal Handzus in MapleLeafs zone.
1:45 of 3rd period - Shot by Jamie Oleksiak.
1:45 of 3rd period - Shot Misses the Net.
1:47 of 3rd period - Shot by Jamie Oleksiak.
1:47 of 3rd period - Stopped by Sergei Bobrovsky with a rebound.
1:49 of 3rd period - Shot by Jamie Oleksiak.
1:49 of 3rd period - Shot Misses the Net.
1:51 of 3rd period - Shot by Jamie Oleksiak.
1:51 of 3rd period - Shot Misses the Net.
1:53 of 3rd period - Shot by Jay Beagle.
1:53 of 3rd period - Shot Misses the Net.
1:59 of 3rd period - Shot by Gregory Campbell.
1:59 of 3rd period - Stopped by Sergei Bobrovsky without a rebound.
2:00 of 3rd period - Brad Richardson wins face-off versus Brock Nelson in Hurricanes zone.
2:00 of 3rd period - Keith Yandle is hit by Antoine Roussel and loses puck.
2:06 of 3rd period - Raphael Diaz is hit by Antoine Roussel and loses puck.
2:21 of 3rd period - Shot by Patrick Maroon.
2:21 of 3rd period - Stopped by Petr Mrazek without a rebound.
2:22 of 3rd period - Blake Wheeler wins face-off versus Antoine Vermette in MapleLeafs zone.
2:35 of 3rd period - Shot by Blake Wheeler.
2:35 of 3rd period - Goal by Blake Wheeler - MapleLeafs : 2 - Hurricanes : 3.
2:36 of 3rd period - Michal Handzus wins face-off versus Brock Nelson in neutral zone.
3:06 of 3rd period - Double Minor Penalty to Dustin Byfuglien for Boarding.
3:07 of 3rd period - Blake Wheeler wins face-off versus Antoine Vermette in Hurricanes zone.
3:20 of 3rd period - Shot by Evander Kane.
3:20 of 3rd period - Shot Misses the Net.
3:22 of 3rd period - Shot by Evander Kane.
3:22 of 3rd period - Stopped by Sergei Bobrovsky without a rebound.
3:22 of 3rd period - Minor Penalty to Sergei Bobrovsky for Slashing.
3:23 of 3rd period - Antoine Vermette wins face-off versus Michal Handzus in Hurricanes zone.
3:38 of 3rd period - Shot by Evander Kane.
3:38 of 3rd period - Stopped by Sergei Bobrovsky without a rebound.
3:39 of 3rd period - Brock Nelson wins face-off versus Michal Handzus in Hurricanes zone.
3:42 of 3rd period - Shot by Devante Smith-Pelly.
3:42 of 3rd period - Shot Misses the Net.
3:52 of 3rd period - Shot by Eric Gelinas.
3:52 of 3rd period - Goal by Eric Gelinas - MapleLeafs : 3 - Hurricanes : 3.
3:53 of 3rd period - Antoine Vermette wins face-off versus Michal Handzus in neutral zone.
4:11 of 3rd period - Icing by Jay Bouwmeester.
4:12 of 3rd period - Antoine Vermette wins face-off versus Michal Handzus in MapleLeafs zone.
4:19 of 3rd period - Shot by Jay Bouwmeester.
4:19 of 3rd period - Shot Blocked by James Wisniewski.
4:35 of 3rd period - Shot by Evander Kane.
4:35 of 3rd period - Stopped by Sergei Bobrovsky with a rebound.
4:37 of 3rd period - Shot by Nick Holden.
4:37 of 3rd period - Shot Misses the Net.
4:39 of 3rd period - Shot by Jay Bouwmeester.
4:39 of 3rd period - Shot Misses the Net.
5:16 of 3rd period - Shot by Antoine Roussel.
5:16 of 3rd period - Stopped by Sergei Bobrovsky without a rebound.
5:17 of 3rd period - Brock Nelson wins face-off versus Alexander Killorn in Hurricanes zone.
5:34 of 3rd period - Shot by Brock Nelson.
5:34 of 3rd period - Shot Misses the Net.
5:53 of 3rd period - Icing by James Wisniewski.
5:54 of 3rd period - Brad Richardson wins face-off versus Linden Vey in Hurricanes zone.
5:54 of 3rd period - Ben Lovejoy is hit by Antoine Vermette and loses puck.
6:16 of 3rd period - Patrick Maroon is hit by Jay Bouwmeester.
6:23 of 3rd period - Off-side.
6:24 of 3rd period - Daniel Briere wins face-off versus Alexander Killorn in neutral zone.
6:26 of 3rd period - Michael Del Zotto is hit by Brooks Orpik and loses puck.
6:36 of 3rd period - Blake Wheeler is hit by Michael Del Zotto and loses puck.
6:52 of 3rd period - Minor Penalty to Jay Beagle for Hooking.
6:53 of 3rd period - Antoine Vermette wins face-off versus Michal Handzus in MapleLeafs zone.
6:53 of 3rd period - Antoine Vermette is hit by Nick Foligno.
7:23 of 3rd period - Shot by Michael Frolik.
7:23 of 3rd period - Shot Misses the Net.
7:25 of 3rd period - Shot by Dustin Byfuglien.
7:25 of 3rd period - Deflect By Michal Handzus.
7:25 of 3rd period - Shot Misses the Net.
7:27 of 3rd period - Shot by Nick Foligno.
7:27 of 3rd period - Shot Misses the Net.
7:29 of 3rd period - Shot by Dustin Byfuglien.
7:29 of 3rd period - Shot Blocked by Jay Bouwmeester.
7:31 of 3rd period - Shot by Dustin Byfuglien.
7:31 of 3rd period - Shot Misses the Net.
7:33 of 3rd period - Shot by Nick Foligno.
7:33 of 3rd period - Shot Blocked by Jay Bouwmeester.
7:49 of 3rd period - James Wisniewski is hit by Evander Kane and loses puck.
8:46 of 3rd period - Icing by Keith Yandle.
8:47 of 3rd period - Michael Frolik wins face-off versus Antoine Roussel in Hurricanes zone.
8:47 of 3rd period - Michael Frolik is hit by Antoine Roussel.
8:50 of 3rd period - Icing by Keith Yandle.
8:51 of 3rd period - Antoine Vermette wins face-off versus Michal Handzus in Hurricanes zone.
9:08 of 3rd period - Jay Beagle is hit by Patrick Maroon and loses puck.
9:20 of 3rd period - Jay Beagle is hit by Keith Yandle and loses puck.
10:06 of 3rd period - Minor Penalty to Nick Holden for High sticking.
10:07 of 3rd period - Evander Kane wins face-off versus Alexander Killorn in MapleLeafs zone.
10:41 of 3rd period - Shot by Sheldon Brookbank.
10:41 of 3rd period - Stopped by Petr Mrazek without a rebound.
10:42 of 3rd period - Michal Handzus wins face-off versus Antoine Vermette in MapleLeafs zone.
10:47 of 3rd period - Shot by Michael Frolik.
10:47 of 3rd period - Deflect By Nick Foligno.
10:47 of 3rd period - Stopped by Petr Mrazek without a rebound.
10:48 of 3rd period - Antoine Vermette wins face-off versus Michal Handzus in MapleLeafs zone.
11:55 of 3rd period - Shot by Ben Lovejoy.
11:55 of 3rd period - Shot Misses the Net.
11:57 of 3rd period - Shot by James Wisniewski.
11:57 of 3rd period - Stopped by Petr Mrazek without a rebound.
11:58 of 3rd period - Antoine Vermette wins face-off versus Sheldon Brookbank in MapleLeafs zone.
12:17 of 3rd period - Minor Penalty to Jay Beagle for Hooking.
12:18 of 3rd period - Antoine Vermette wins face-off versus Michal Handzus in MapleLeafs zone.
12:33 of 3rd period - Shot by Michael Frolik.
12:33 of 3rd period - Shot Misses the Net.
12:35 of 3rd period - Shot by Dustin Byfuglien.
12:35 of 3rd period - Stopped by Petr Mrazek without a rebound.
12:36 of 3rd period - Alexander Killorn wins face-off versus Antoine Vermette in MapleLeafs zone.
12:49 of 3rd period - Shot by Blake Wheeler.
12:49 of 3rd period - Shot Misses the Net.
12:51 of 3rd period - Shot by Sheldon Brookbank.
12:51 of 3rd period - Goal by Sheldon Brookbank - MapleLeafs : 3 - Hurricanes : 4.
12:52 of 3rd period - Michal Handzus wins face-off versus Brock Nelson in neutral zone.
12:52 of 3rd period - Michael Frolik is hit by Antoine Roussel and loses puck.
13:00 of 3rd period - Icing by Ben Lovejoy.
13:01 of 3rd period - Michal Handzus wins face-off versus Brock Nelson in Hurricanes zone.
13:18 of 3rd period - Shot by Michael Frolik.
13:18 of 3rd period - Shot Misses the Net.
13:20 of 3rd period - Shot by Dustin Byfuglien.
13:20 of 3rd period - Shot Misses the Net.
13:27 of 3rd period - Brock Nelson is hit by Dustin Byfuglien and loses puck.
13:40 of 3rd period - Icing by Jay Bouwmeester.
13:41 of 3rd period - Alexander Killorn wins face-off versus Brock Nelson in MapleLeafs zone.
14:01 of 3rd period - Shot by Blake Wheeler.
14:01 of 3rd period - Stopped by Petr Mrazek with a rebound.
14:04 of 3rd period - Icing by Brock Nelson.
14:05 of 3rd period - Blake Wheeler wins face-off versus Brock Nelson in MapleLeafs zone.
14:34 of 3rd period - Icing by Raphael Diaz.
14:35 of 3rd period - Daniel Briere wins face-off versus Blake Wheeler in Hurricanes zone.
14:35 of 3rd period - Gregory Campbell is hit by Keith Yandle and loses puck.
14:54 of 3rd period - Shot by Keith Yandle.
14:54 of 3rd period - Stopped by Petr Mrazek with a rebound.
15:29 of 3rd period - James Wisniewski is hit by Alexei Emelin and loses puck.
15:30 of 3rd period - Minor Penalty to Alexei Emelin for Roughing.
15:31 of 3rd period - Antoine Vermette wins face-off versus Sheldon Brookbank in MapleLeafs zone.
15:31 of 3rd period - Antoine Vermette is hit by Sheldon Brookbank.
15:59 of 3rd period - Evander Kane is hit by Dustin Byfuglien and loses puck.
17:01 of 3rd period - Icing by Nick Foligno.
17:02 of 3rd period - Vladimir Tarasenko wins face-off versus Michal Handzus in Hurricanes zone.
17:45 of 3rd period - Shot by Alex Chiasson.
17:45 of 3rd period - Shot Misses the Net.
18:17 of 3rd period - Keith Yandle is hit by Jamie Oleksiak and loses puck.
18:26 of 3rd period - Brock Nelson is hit by Patrick Maroon and loses puck.
18:30 of 3rd period - Minor Penalty to Patrick Maroon for Roughing.
18:31 of 3rd period - Blake Wheeler wins face-off versus Vladimir Tarasenko in Hurricanes zone.
18:39 of 3rd period - Off-side.
18:40 of 3rd period - Michal Handzus wins face-off versus Antoine Vermette in neutral zone.
18:40 of 3rd period - Michal Handzus is hit by Evander Kane.
19:00 of 3rd period - MapleLeafs, Petr Mrazek is pulled from the net.
19:04 of 3rd period - Shot by Alexei Emelin.
19:04 of 3rd period - Shot Misses the Net.
19:12 of 3rd period - Shot by Vladimir Tarasenko.
19:12 of 3rd period - Shot Misses the Net.
19:14 of 3rd period - Shot by Antoine Vermette.
19:14 of 3rd period - Shot Misses the Net.
19:16 of 3rd period - Shot by Eric Gelinas.
19:16 of 3rd period - Stopped by Sergei Bobrovsky without a rebound.
19:17 of 3rd period - Blake Wheeler wins face-off versus Brock Nelson in Hurricanes zone.
19:17 of 3rd period - Blake Wheeler is hit by Antoine Roussel.
Goals for this period are 1 for MapleLeafs vs 2 for Hurricanes.
Shots for this period are 9 for MapleLeafs vs 10 for Hurricanes.


Output by the SimonT Hockey Simulator (STHS) for Stephane Roy -- Original Page W3C XHTML 1.0 Valid
Hockey Simulator - Hockey Simulation - Hockey Manager